 Dungeon Crawl Stone Soup version 0.29.1-2-gbd0b4ee654 (webtiles) character file.

Game seed: 4113582701075505070

17 raph the Firebug (level 2, -3/15 HPs)
             Began as a Gargoyle Fire Elementalist on Nov 29, 2022.
             Slain by Terence
             ... wielding a +0 short sword
              (4 damage)
             ... on level 2 of the Dungeon.
             The game lasted 00:01:41 (1105 turns).

raph the Firebug (Gargoyle Fire Elementalist)       Turns: 1105, Time: 00:01:41

Health: -3/15      AC:  4    Str: 17    XL:     2   Next: 62%
Magic:  3/5        EV: 11    Int: 15    God:
Gold:   43         SH:  0    Dex: 10    Spells: 2/5 levels left

rFire   . . .      SeeInvis .   (no weapon)
rCold   . . .      Faith    .   (no shield)
rNeg    + . .      Spirit   .   a - +0 robe
rPois   ∞          Reflect  .   (no helmet)
rElec   +          Harm     .   (no cloak)
rCorr   .          Rampage  .   (no gloves)
Will    .....                   (no boots)
Stlth   ++........              (no amulet)
HPRegen 0.05/turn               f - +6 ring of strength
MPRegen 0.09/turn               (no ring)

@: attractive, flying (expiring)
A: sickness immunity, AC +2, negative energy resistance 1, electricity
resistance, torment resistance 1, petrification resistance
a: no special abilities


You were on level 2 of the Dungeon.
You visited 1 branch of the dungeon, and saw 2 of its levels.

You collected 43 gold pieces.

Inventory:

Missiles
 g - 3 poisoned darts
Armour
 a - a +0 robe (worn)
Jewellery
 f - a +6 ring of strength (left hand)
Scrolls
 e - 2 scrolls of identify
Potions
 c - 2 potions of degeneration
 d - a potion of flight


   Skills:
 - Level 1.5 Dodging
 - Level 2.1 Stealth
 - Level 2.0 Spellcasting
 - Level 1.1 Conjurations
 + Level 3.8 Fire Magic


You had 2 spell levels left.
You knew the following spells:

 Your Spells              Type           Power      Damage    Failure   Level
a - Foxfire               Conj/Fire      36%        2x1d5     8%          1
b - Scorch                Fire           26%        2d6       7%          2

Your spell library contained the following spells:

 Spells                   Type           Power      Damage    Failure   Level
 Conjure Flame            Conj/Fire      9%         6-21      24%         3
 Inner Flame              Hex/Fire       7%         N/A       30%         3
 Flame Wave               Conj/Fire      9%         2d6       61%         4
 Petrify                  Tmut/Erth      1%         N/A       91%         4
 Irradiate                Conj/Tmut      1%         3d12      99%         5
 Sublimation of Blood     Necr           Unusable   N/A       N/A         2

Dungeon Overview and Level Annotations

Branches:
Dungeon (2/15)

Altars:

Annotations:
D:2 Terence


Innate Abilities, Weirdness & Mutations

You are immune to sickness and miasma.
Your stone body is resilient. (AC +2)
You are immune to poison.
You resist negative energy. (rN+)
You are resistant to electric shocks. (rElec)
You are resistant to unholy torment.
You are immune to petrification.


Message History

The foxfire hits Terence.
Terence is lightly wounded.
Casting: Foxfire (safe; 8% risk of failure)
Confirm with . or Enter, or press ? or * to list all spells.
You miscast Foxfire.
Nothing appears to happen.
Terence closely misses you.
Casting: Foxfire (safe; 8% risk of failure)
Confirm with . or Enter, or press ? or * to list all spells.
Flames lash Terence but do no damage.
Terence hits you with a +0 short sword.
Casting: Scorch (safe; 7% risk of failure)
Confirm with . or Enter, or press ? or * to list all spells.
You conjure some foxfire!
Terence hits you with a +0 short sword.
The foxfire hits Terence but does no damage.
Terence is lightly wounded.
The foxfire hits Terence.
Terence is moderately wounded.
As you read the scroll labelled FAMPORGHINECW, it crumbles to dust.
It is a scroll of identify.
c - 2 potions of degeneration Terence closely misses you.
It was a potion of flight.
You feel very buoyant.
You fly up into the air.
Terence hits you but does no damage.
Your magical contamination has completely faded away.
Terence attacks as you move away! Terence barely misses you.
A rat comes into view.
Terence attacks as you move away! Terence misses you.
Terence attacks as you move away! Terence hits you with a +0 short sword.
* * * LOW HITPOINT WARNING * * *
You see here a +0 ring mail.
It was a potion of attraction.
You feel attractive to monsters. Terence barely misses you.
Terence attacks as you move away! Terence closely misses you.
Terence attacks as you move away! Terence barely misses you.
Terence attacks as you move away! Terence closely misses you.
Terence attacks as you move away! Terence hits you with a +0 short sword.
* * * LOW HITPOINT WARNING * * *
You are starting to lose your buoyancy.
Terence attacks as you move away! Terence hits you with a +0 short sword.
You die...

#..#.# #.#
#######..#.# #.#
.........#.#####.#.#
#######.#........#.#
#.. ..#.#..#######.#
##.##.#.#..#.....<.#
#.....#.#..#.#######
#...[...#.#
#..##.#.#..#@#
#..........#@#
#.###.#.####.#
#.#......#
#.######## #. #. #.
#.


You could see Terence.

Vanquished Creatures
  A giant cockroach (D:1)
  3 hobgoblins (D:1)
  A quokka (D:1)
  3 ball pythons (D:1)
  4 bats (D:1)
  2 kobolds (D:1)
  2 rats (D:1)
  A spectral kobold (D:1)
17 creatures vanquished.

Vanquished Creatures (others)
  44 foxfires
44 creatures vanquished.

Grand Total: 61 creatures vanquished

Notes
Turn   | Place    | Note
-------+----------+-------------------------------------------
     0 | D:1      | raph the Gargoyle Fire Elementalist began the quest for the
                  | Orb.
     0 | D:1      | Reached XP level 1. HP: 10/10 MP: 3/3
   282 | D:1      | Reached XP level 2. HP: 15/15 MP: 1/5
   437 | D:1      | Found a faded altar of an unknown god.
   617 | D:1      | Learned a level 2 spell: Scorch
  1069 | D:2      | Noticed Terence
  1105 | D:2      | Slain by Terence

Illustrated notes

Levels and vault maps discovered:
D:1:      dpeg_arrival_castle, layout_basic,
          dreamdust_ecumenical_altar_drowned_temple, serial_bayou_pond_b
D:2:      layout_basic, basic_altar, uniq_terence

Action                   || total
-------------------------++-------
Melee: Unarmed           ||     1
 Cast: Foxfire           ||    28
       Scorch            ||     5
  Use: Scroll            ||     4
       Potion            ||     3
Armor: Robe              ||     3
Dodge: Dodged            ||    12
